Map: King's Cove LE

Players

Special - Winner!

  • Race: Terran Terran
  • League: Master
  • Spawn Location: 11:00

TIME (Oliveira)

  • Race: Terran Terran
  • Spawn Location: 5:00

Event: 2019 WCS Spring

VOD

Have the link to the VOD?

Description

Time

  • Played on: May 17, 2019, 2:12 p.m.
  • Length: 18:51

All games in this series

Show
View Real Time Build Order
Export as new Build Order

Special Terran - Winner!

Build Orders: Reaper Expand 

Get SALT Encoding   

  12  0:00  SCV  
  13  0:13  SCV  
  14  0:18  Supply Depot  
  14  0:25  SCV  
  15  0:39  SCV  
  15  0:41  Barracks  
  16  0:44  Refinery  
  16  0:52  SCV  
  17  1:04  SCV  
  18  1:16  SCV  
  19  1:29  Reaper, Orbital Command  
  20  1:44  Command Center  
  20  1:53  Supply Depot  
  20  1:55  SCV  
  20  2:01  Marine  
  22  2:08  Factory  
  22  2:10  SCV  
  23  2:18  Bunker  
  24  2:22  SCV, Barracks Reactor  
  24  2:28  Refinery  
  24  2:34  SCV  
  25  2:47  SCV  
  26  2:52  Factory Tech Lab  
  26  2:53  Barracks  
  26  2:56  Orbital Command  
  26  2:59  Marine x2  
  26  3:02  SCV  
  29  3:11  Cyclone  
  32  3:17  Marine x2  
  32  3:19  SCV  
  35  3:22  SCV  
  36  3:31  SCV  
  37  3:34  SCV  
  37  3:35  Marine x2  
  40  3:41  Barracks Tech Lab  
  40  3:43  SCV  
  40  3:46  SCV, Cyclone  
  45  3:48  Supply Depot  
  45  3:55  SCV  
  45  4:02  Stimpack  
  46  4:08  Supply Depot  
  46  4:09  Marine  
  46  4:10  SCV x2, Marine x2  
  46  4:13  Supply Depot  
  51  4:22  SCV x2  
  53  4:24  Starport  
  53  4:27  Factory Reactor, Marine  
  53  4:29  Marine  
  55  4:32  Refinery  
  55  4:34  SCV, Marine  
  55  4:35  Engineering Bay  
  55  4:37  SCV  
  58  4:45  Marine  
  58  4:46  SCV  
  58  4:47  Marine  
  58  4:49  SCV  
  58  4:52  Marine  
  62  4:58  SCV  
  63  5:00  Supply Depot  
  63  5:01  SCV  
  63  5:07  Terran Infantry Weapons Level 1, Medivac x2  
  64  5:09  Supply Depot  
  64  5:13  Marine x2  
  70  5:18  SCV, Marine  
  69  5:23  Siege Tank  
  69  5:26  SCV  
  70  5:30  SCV, Marine, Supply Depot  
  70  5:31  Marine  
  70  5:33  Refinery  
  73  5:35  Marine  
  73  5:38  SCV  
  73  5:41  Viking x2  
  79  5:45  Supply Depot  
  79  5:48  Marine x2  
  81  5:53  Marine  
  82  5:58  Command Center  
  82  6:00  Siege Tank  
  85  6:06  Marine x2  
  85  6:07  Combat Shield  
  87  6:11  Marine  
  87  6:12  Viking  
  90  6:19  Supply Depot  
  90  6:20  Viking  
  90  6:21  SCV  
  90  6:22  SCV  
  90  6:24  Marine x2  
  95  6:29  Marine  
  96  6:34  SCV x2  
  96  6:37  Siege Tank  
  101  6:42  Marine x2  
  101  6:46  SCV x2  
  105  6:52  Supply Depot  
  105  6:54  Marine  
  105  6:58  SCV x2  
  105  6:59  Viking  
  110  7:09  Viking, Marine x2  
  110  7:10  SCV x2  
  110  7:12  Marine  
  117  7:18  Terran Infantry Armor Level 1  
  117  7:22  SCV x2  
  119  7:27  Marine x2  
  119  7:29  Marine  
  125  7:31  Orbital Command  
  125  7:34  SCV  
  125  7:35  Viking  
  114  7:45  Marine x2  
  114  7:47  Marine  
  114  7:49  Siege Tank  
  105  7:54  Viking  
  105  7:56  SCV  
  100  7:58  SCV x2  
  100  8:03  Marine x2  
  100  8:05  Viking, Marine  
  101  8:08  SCV  
  101  8:10  SCV  
  102  8:15  SCV  
  99  8:20  SCV, Marine x2  
  99  8:22  SCV  
  99  8:23  Marine, Refinery  
  99  8:24  Medivac, Refinery  
  106  8:27  SCV, Barracks x2  
  106  8:31  Barracks  
  103  8:35  Medivac  
  103  8:36  Supply Depot  
  103  8:38  Marine x2  
  103  8:41  Marine  
  107  8:42  Siege Tank  
  100  8:53  SCV x2  
  100  8:54  Medivac  
  104  8:56  Marine x2  
  104  8:57  Armory  
  104  8:59  Engineering Bay  
  107  9:05  Medivac  
  108  9:11  SCV x3  
  108  9:12  Factory  
  108  9:14  Factory, Marine x2  
  108  9:15  Barracks Reactor  
  108  9:16  Command Center, Barracks Reactor  
  113  9:17  Barracks Reactor  
  113  9:19  Barracks Reactor  
  113  9:26  Siege Tank  
  113  9:27  Sensor Tower  
  116  9:32  Viking, Missile Turret, Marine x2  
  116  9:38  Supply Depot  
  120  9:39  Viking  
  122  9:47  Terran Infantry Weapons Level 2  
  122  9:49  Terran Infantry Armor Level 2, Marine x2  
  122  9:52  Marine, Terran Vehicle Weapons Level 1  
  124  9:53  Marine  
  124  9:59  Marine x3  
  125  10:02  SCV x2  
  125  10:03  SCV, Marine x2  
  125  10:04  Marine  
  125  10:05  Supply Depot  
  131  10:07  Marine x2  
  131  10:09  Viking  
  131  10:10  Marine  
  131  10:11  Siege Tank, Marine  
  140  10:15  SCV x2  
  140  10:17  Siege Tank  
  140  10:19  Marine x2  
  140  10:20  Marine  
  148  10:22  Marine  
  148  10:26  Marine  
  148  10:27  Supply Depot  
  150  10:29  Marine x3  
  150  10:30  Marine x2  
  150  10:34  Refinery  
  150  10:35  Planetary Fortress, Refinery  
  155  10:36  Marine  
  155  10:37  Marine  
  155  10:38  Marine  
  155  10:40  Marine  
  159  10:44  Marine  
  159  10:45  Siege Tank  
  163  10:51  Starport x2  
  163  10:53  Medivac x2  
  163  10:55  Marine x2  
  169  10:57  Marine  
  169  10:58  Marine x3  
  169  10:59  Marine  
  169  11:02  Marine  
  169  11:03  Marine x2  
  177  11:07  Supply Depot x2  
  177  11:09  Siege Tank  
  180  11:13  Marine x2  
  180  11:15  Marine x2  
  180  11:16  Marine x3  
  187  11:29  Viking x2, Marine  
  187  11:30  Marine  
  187  11:31  Command Center  
  193  11:37  Starport Tech Lab x2  
  196  11:40  Siege Tank  
  196  11:43  Siege Tank  
  196  11:46  Terran Vehicle Weapons Level 2  
  198  11:56  Corvid Reactor, Raven  
  198  11:59  Viking  
  200  12:02  Marine  
  190  12:16  Command Center  
  190  12:17  Command Center, Siege Tank  
  196  12:23  Viking, Raven  
  196  12:29  Viking  
  199  12:36  Command Center  
  198  12:39  Raven  
  198  12:43  Terran Infantry Armor Level 3, Terran Infantry Weapons Level 3  
  196  12:44  Command Center  
  196  12:47  Marine  
  196  12:49  Marine  
  198  13:07  Planetary Fortress, Starport  
  198  13:09  Command Center  
  198  13:10  Starport  
  198  13:11  Command Center  
  198  13:15  Armory  
  198  13:21  Viking  
  193  13:43  Viking x2  
  193  13:45  Raven  
  185  13:48  Raven  
  185  13:49  Marine x8  
  185  13:50  Marine  
  185  13:54  Liberator  
  196  13:57  Siege Tank  
  199  14:04  Terran Ship Weapons Level 1, Terran Vehicle And Ship Armor Level 1  
  197  14:12  Starport Tech Lab  
  197  14:13  Starport Reactor  
  200  14:18  Orbital Command  
  200  14:20  Orbital Command  
  200  14:22  Command Center, Orbital Command  
  199  14:39  Orbital Command  
  199  14:49  Missile Turret  
  194  14:53  Siege Tank  
  194  14:54  Raven x2  
  194  14:59  Viking  
  199  15:02  Marine  
  200  15:17  Refinery  
  200  15:23  Fusion Core, Neosteel Armor, Hi-Sec Auto Tracking  
  200  15:31  Refinery  
  200  15:34  Planetary Fortress  
  200  15:38  Missile Turret  
  200  15:41  Command Center  
  199  15:57  Marine  
  199  15:59  Liberator  
  200  16:05  Marine  
  200  16:06  Marine x2  
  200  16:08  Marine x3  
  200  16:10  Viking x3, Raven x2  
  200  16:11  Marine x2  
  157  16:12  Siege Tank  
  157  16:13  Marine  
  157  16:15  Marine  
  157  16:16  Viking  
  159  16:23  Liberator, Marine  
  159  16:24  Marine x2  
  162  16:26  Marine x3  
  162  16:29  Liberator, Marine  
  162  16:30  Marine  
  162  16:31  Sensor Tower  
  162  16:32  SCV x2  
  169  16:36  Liberator x2  
  169  16:37  Marine  
  170  16:42  Viking x2  
  170  16:43  Advanced Ballistics  
  180  16:47  Marine  
  180  16:51  Marine  
  188  16:55  Liberator  
  188  16:56  Marine  
  188  16:59  Viking  
  188  17:00  Refinery  
  191  17:02  Orbital Command  
  191  17:03  Liberator  
  191  17:06  Marine x2  
  191  17:07  Marine  
  193  17:10  Marine  
  197  17:23  Marine  
  197  17:24  Marine  
  197  17:25  Marine x3  
  193  17:30  Marine x3  
  196  17:43  Siege Tank  
  196  17:44  Marine x2  
  198  17:45  Liberator x2  
  198  17:49  Marine  
Show
View Real Time Build Order
Export as new Build Order

TIME Terran 

Build Orders:  

Get SALT Encoding   

  12  0:00  SCV  
  13  0:12  SCV  
  14  0:18  Supply Depot  
  14  0:25  SCV  
  15  0:29  Refinery  
  15  0:40  SCV  
  16  0:45  Barracks  
  16  0:52  SCV  
  16  0:56  Refinery  
  17  1:04  SCV  
  18  1:16  SCV  
  19  1:34  Reaper, Orbital Command  
  20  1:41  Factory  
  20  1:49  Supply Depot  
  20  2:00  SCV  
  21  2:06  Reaper  
  22  2:12  SCV  
  23  2:24  SCV  
  23  2:25  Hellion  
  27  2:39  Command Center  
  27  2:40  SCV  
  27  2:43  Reaper  
  27  2:46  Hellion  
  29  2:56  Starport  
  29  2:59  Supply Depot  
  29  3:02  SCV  
  30  3:12  Factory Tech Lab  
  30  3:14  SCV  
  30  3:18  Barracks Tech Lab  
  31  3:26  SCV  
  32  3:30  Refinery  
  32  3:31  Cyclone  
  35  3:39  SCV  
  36  3:51  SCV, Orbital Command  
  36  3:55  Raven  
  39  4:02  Barracks Reactor  
  39  4:03  SCV  
  40  4:15  SCV  
  40  4:16  SCV  
  42  4:17  Siege Tank  
  42  4:23  Supply Depot  
  45  4:27  SCV  
  45  4:28  SCV  
  46  4:39  SCV  
  46  4:45  Raven  
  47  4:47  SCV  
  47  4:50  Command Center  
  50  4:55  SCV  
  50  4:57  Marine x2  
  50  4:58  Siege Tank  
  50  4:59  SCV  
  56  5:07  SCV  
  56  5:09  Supply Depot  
  56  5:11  SCV  
  56  5:15  Marine x2  
  56  5:24  SCV x2  
  58  5:30  Siege Tank  
  61  5:36  SCV x2  
  61  5:37  Supply Depot  
  61  5:40  Viking x2  
  67  5:42  Refinery  
  67  5:44  Marine  
  67  5:46  Stimpack  
  67  5:48  SCV  
  67  5:49  SCV  
  70  6:00  SCV  
  70  6:01  SCV  
  70  6:02  Marine  
  70  6:04  Orbital Command  
  73  6:05  Siege Tank  
  76  6:12  SCV  
  76  6:13  SCV  
  76  6:15  Viking  
  76  6:17  Viking  
  82  6:20  Marine  
  82  6:24  SCV  
  84  6:26  SCV  
  84  6:31  SCV  
  86  6:35  Barracks x2  
  86  6:36  SCV  
  86  6:38  SCV  
  88  6:42  Siege Tank  
  88  6:43  SCV, Supply Depot  
  92  6:48  SCV  
  93  6:55  Supply Depot  
  93  6:58  SCV  
  93  7:04  Viking x2, SCV x2  
  93  7:08  Engineering Bay x2  
  98  7:10  SCV  
  98  7:14  Supply Depot  
  100  7:16  SCV  
  100  7:17  SCV  
  100  7:22  SCV, Siege Tank  
  105  7:30  Barracks Reactor  
  105  7:31  SCV, Barracks Reactor  
  105  7:33  SCV  
  105  7:34  Viking  
  105  7:35  SCV  
  109  7:44  SCV  
  109  7:48  SCV  
  109  7:49  Marine  
  103  7:51  Viking  
  103  7:52  SCV  
  103  7:56  Terran Infantry Weapons Level 1, SCV, Terran Infantry Armor Level 1, Supply Depot  
  105  7:58  Barracks  
  105  7:59  Barracks  
  105  8:00  SCV  
  105  8:04  SCV  
  105  8:08  SCV  
  106  8:12  SCV  
  106  8:16  SCV, Siege Tank  
  106  8:18  Viking  
  110  8:20  SCV  
  110  8:21  Supply Depot  
  110  8:22  Refinery, Supply Depot  
  110  8:23  Marine x2, Command Center, Refinery  
  110  8:24  SCV, Marine  
  111  8:27  Marine  
  111  8:28  SCV  
  111  8:32  SCV  
  108  8:36  Combat Shield  
  108  8:38  SCV  
  109  8:43  Marine  
  109  8:46  Marine  
  100  8:49  SCV x2  
  100  8:52  Marine  
  100  8:53  Marine  
  100  8:54  Missile Turret, Siege Tank, Barracks Reactor  
  100  8:55  Barracks Reactor  
  107  8:57  Viking  
  109  9:03  SCV x2  
  109  9:06  Viking  
  109  9:08  Marine x2  
  115  9:14  Sensor Tower  
  115  9:17  Marine  
  115  9:18  Missile Turret, Marine  
  115  9:19  Missile Turret  
  117  9:27  Marine  
  117  9:28  Viking, Siege Tank  
  123  9:34  Armory  
  123  9:36  Marine x2  
  126  9:38  SCV  
  126  9:39  SCV x2  
  126  9:40  Marine  
  126  9:43  Marine  
  126  9:45  Marine  
  131  9:46  Viking  
  131  9:50  SCV, Marine  
  135  9:58  Marine x2  
  137  10:00  Planetary Fortress  
  137  10:02  Supply Depot, Refinery x2  
  137  10:03  Supply Depot  
  137  10:05  SCV  
  137  10:06  Marine x2  
  143  10:07  Siege Tank  
  143  10:08  Sensor Tower  
  143  10:12  Viking, Marine  
  148  10:23  Supply Depot x2  
  148  10:24  Marine  
  148  10:25  Terran Infantry Weapons Level 2  
  148  10:27  Terran Infantry Armor Level 2  
  148  10:28  Marine x3  
  150  10:37  Missile Turret, Marine x2  
  150  10:38  Medivac  
  150  10:40  Marine, Terran Vehicle Weapons Level 1  
  150  10:42  Siege Tank  
  158  10:45  Marine  
  159  10:51  Marine x2  
  159  10:54  Marine  
  159  10:55  Factory  
  159  10:56  Marine  
  163  10:58  Marine, Supply Depot  
  163  11:01  Medivac  
  163  11:03  Marine  
  167  11:09  Medivac  
  169  11:13  Starport  
  169  11:15  Marine x2  
  169  11:16  Starport  
  169  11:17  Siege Tank  
  174  11:22  SCV x2, Command Center  
  174  11:24  Marine x3  
  179  11:27  Supply Depot x2  
  179  11:31  Marine x3  
  182  11:33  Viking  
  182  11:39  Medivac  
  186  11:40  Marine  
  186  11:41  Marine  
  186  11:47  Supply Depot x2  
  188  11:48  Marine x2  
  188  11:54  Starport Tech Lab  
  188  12:00  Marine  
  188  12:10  Marine x2  
  188  12:14  Marine x2  
  188  12:15  Marine x2  
  194  12:16  Siege Tank  
  194  12:21  Viking x2  
  198  12:24  Marine  
  198  12:26  Marine  
  200  12:35  Marine  
  200  12:45  Command Center  
  200  12:46  Corvid Reactor  
  200  12:48  Factory Tech Lab  
  199  13:01  Starport Tech Lab  
  199  13:04  Planetary Fortress  
  199  13:22  Command Center  
  199  13:24  Command Center  
  194  13:44  Viking x2, Raven x2  
  194  13:46  Siege Tank x2  
  194  13:48  Marine  
  198  13:49  Marine  
  198  13:52  Marine  
  200  14:03  Marine  
  200  14:07  Marine  
  200  14:08  Marine  
  200  14:10  Refinery  
  200  14:11  Refinery  
  200  14:12  Marine  
  200  14:17  Terran Ship Weapons Level 1  
  200  14:18  Terran Infantry Weapons Level 3  
  200  14:19  Terran Infantry Armor Level 3  
  200  14:21  Armory  
  200  14:38  Orbital Command x2  
  192  14:57  Raven  
  192  14:58  Viking x2, Raven, Marine  
  192  14:59  Siege Tank x2  
  192  15:00  Marine x4  
  186  15:10  Marine x2  
  184  15:14  Command Center, Marine x2  
  184  15:20  Marine x2  
  185  15:29  Marine  
  186  15:35  Viking  
  186  15:36  Viking  
  186  15:40  Command Center  
  186  15:42  Command Center  
  190  15:43  Raven x2  
  190  15:49  Terran Vehicle And Ship Armor Level 1  
  194  15:59  Sensor Tower  
  188  16:06  Marine  
  188  16:09  Viking  
  188  16:10  Viking  
  153  16:13  Marine  
  153  16:14  Siege Tank  
  153  16:15  Siege Tank  
  153  16:17  Marine  
  144  16:18  Marine  
  144  16:22  Starport  
  144  16:24  Starport  
  144  16:25  Starport  
  140  16:26  Marine x2  
  140  16:30  Marine x2  
  139  16:34  Marine  
  139  16:35  Raven x2  
  144  16:40  Planetary Fortress, Marine x2  
  144  16:41  Refinery  
  144  16:42  Viking  
  144  16:43  Viking, Marine  
  144  16:46  Marine  
  144  16:47  Siege Tank  
  151  16:49  Missile Turret, Siege Tank, Marine x2  
  151  16:54  Orbital Command x2, Marine  
  154  16:57  Marine  
  154  16:59  Marine  
  154  17:00  Missile Turret, Marine  
  154  17:01  Missile Turret  
  156  17:02  Starport Reactor, Starport Tech Lab  
  156  17:03  Orbital Command  
  156  17:06  Starport Tech Lab  
  156  17:08  Refinery  
  153  17:09  Marine  
  153  17:10  Marine  
  155  17:20  Viking  
  155  17:22  Raven x3  
  157  17:24  Viking, Marine x4  
  157  17:26  Thor x2  
  181  17:32  Marine x3  
  169  17:47  Command Center  
  165  17:53  Viking x3  
  170  18:02  Marine x2  
  170  18:05  Raven  
  149  18:08  Marine x3  
  149  18:11  Orbital Command  
  149  18:14  Siege Tank  
  149  18:16  Viking  
  156  18:23  Marine  
Tags
 
Add a new tag
Caveats
  • Supply blocks, unpowered buildings, or Contaminate may cause inaccurate times.
  • Supply counts are checked every 10 seconds.